AoeStats
← Nemesis

Arena

510254460Analyzed
4v4 RM · 8h ago on Sep 30, 2026· 59m 11s· 8 players
Game mode
Random Map
Map size
Large (8 player)
Population
200
Speed
Normal
Resources
Standard
Victory
Conquest
Starting age
Dark Age
Ending age
Imperial Age
RankedLock teamsTeams togetherTeam positionsShared explorationLock speedFull tech treeHidden civsTurbo modeCheats
Victory
Defeat
🇲🇽 Malians · Mexico
1035
+15
🇹🇼 Turks · Taiwan
1007
+17
🇨🇳 Franks · China
981
+18
🇹🇷 Huns · Türkiye
963
+18
🇺🇸 Saracens · United States
1062
-18
🇲🇽 Goths · Mexico
1040
-18
🇲🇽 Malians · Mexico
985
-16
🇦🇺 Ethiopians · Australia
984
-16
MaxC
6:13 Loom
10:56 Feudal Age
9:12 Loom
12:26 Double-Bit Axe
15:12 Castle Age
13:06 Horse Collar
14:31 Stone Mining
16:29 Bow Saw
19:36 Bloodlines
24:09 Padded Archer Armor
26:55 Fletching
30:18 Wheelbarrow
35:33 Imperial Age
33:08 Gold Mining
33:45 Husbandry
35:15 Leather Archer Armor
35:08 Scale Barding Armor
35:21 Hand Cart
35:44 Forging
36:41 Gold Shaft Mining
38:27 Two-Man Saw
39:53 Chain Barding Armor
40:55 Ring Archer Armor
41:03 Iron Casting
41:15 Heavy Plow
42:10 Fervor
42:22 Sanctity
43:11 Plate Barding Armor
42:51 Bodkin Arrow
42:59 Scale Mail Armor
44:04 Blast Furnace
45:47 Bracer
45:56 Caravan
46:05 Scale Mail Armor
46:40 Conscription
46:22 Artillery
45:45 Elite Janissary
47:02 Capped Ram
50:00 Chain Mail Armor
51:57 Plate Mail Armor
51:52 Bombard Tower
51:13 Treadmill Crane
54:10 Artillery
56:20 Siege Ram
Sniper_Wolf
12:16 Feudal Age
14:13 Loom
14:46 Double-Bit Axe
14:57 Horse Collar
15:30 Forging
17:27 Castle Age
19:00 Bow Saw
19:44 Iron Casting
20:04 Arson
24:46 Wheelbarrow
24:43 Gold Mining
26:53 Squires
29:51 Hand Cart
33:09 Imperial Age
30:28 Town Watch
31:40 Scale Barding Armor
31:36 Scale Mail Armor
34:48 Conscription
34:45 Chain Mail Armor
34:06 Light Cavalry
34:56 Bloodlines
34:46 Husbandry
35:44 Chain Barding Armor
35:43 Farimba
37:27 Plate Barding Armor
38:42 Elite Gbeto
39:38 Fletching
52:11 Plate Mail Armor
57:01 Spies/Treason
SongForBob
10:31 Loom
12:41 Feudal Age
18:27 Castle Age
16:44 Double-Bit Axe
17:00 Horse Collar
18:07 Scale Barding Armor
21:30 Wheelbarrow
24:57 Padded Archer Armor
25:20 Chain Barding Armor
26:56 Padded Archer Armor
34:05 Imperial Age
32:18 Gold Mining
32:26 Fletching
33:12 Heavy Plow
33:26 Bow Saw
34:43 Leather Archer Armor
34:23 Bodkin Arrow
35:56 Stone Mining
36:42 Thumb Ring
37:03 Ballistics
37:44 Chemistry
38:11 Gold Shaft Mining
38:40 Chemistry
39:06 Conscription
41:02 Plate Barding Armor
41:01 Husbandry
40:21 Light Cavalry
41:22 Elite Skirmisher
43:29 Bloodlines
43:46 Hand Cart
44:33 Cavalier
45:29 Pikeman
46:10 Squires
45:55 Arson
45:57 Halberdier
46:49 Forging
46:39 Scale Mail Armor
46:41 Bracer
47:30 Masonry
48:33 Iron Casting
48:46 Parthian Tactics
49:11 Chain Mail Armor
50:28 Heavy Cavalry Archer
52:41 Blast Furnace
57:05 Town Watch
58:49 Spies/Treason
76561199017414489
10:46 Feudal Age
12:00 Double-Bit Axe
15:03 Castle Age
13:15 Double-Bit Axe
18:57 Bow Saw
23:52 Scale Barding Armor
23:58 Forging
29:53 Imperial Age
28:34 Chain Barding Armor
28:10 Gold Mining
28:11 Stone Mining
30:17 Iron Casting
30:21 Gold Shaft Mining
30:25 Wheelbarrow
29:39 Town Watch
29:42 Loom
30:04 Cavalier
30:45 Husbandry
30:09 Ordonnance Companies
31:10 Conscription
31:14 Ballistics
31:27 Hand Cart
33:18 Plate Barding Armor
33:44 Blast Furnace
33:13 Elite Throwing Axeman
39:57 Paladin
42:19 Chivalry
46:07 Chemistry
Nemesis
11:30 Feudal Age
16:12 Castle Age
14:17 Loom
15:33 Double-Bit Axe
29:47 Imperial Age
32:52 Wheelbarrow
35:45 Hand Cart
36:10 Fletching
38:25 Fortified Wall
39:16 Chemistry
38:36 Ballistics
37:45 Light Cavalry
38:26 Husbandry
39:59 Bloodlines
40:32 Conscription
41:20 Bow Saw
43:34 Horse Collar
43:30 Pikeman
46:06 Scale Barding Armor
46:12 Forging
46:10 Gold Mining
47:11 Heavy Camel Rider
48:21 Elite Skirmisher
50:02 Chain Barding Armor
Alexitobb
11:57 Feudal Age
16:03 Castle Age
16:43 Double-Bit Axe
20:50 Horse Collar
22:26 Loom
26:34 Bow Saw
26:26 Heavy Plow
26:40 Forging
26:57 Fervor
28:22 Treadmill Crane
30:04 Ballistics
30:07 Gold Mining
30:08 Stone Mining
33:03 Imperial Age
31:09 Wheelbarrow
32:06 Pikeman
32:46 Squires
32:52 Anarchy
33:31 Iron Casting
32:57 Scale Mail Armor
32:57 Padded Archer Armor
32:48 Fletching
33:11 Halberdier
35:01 Stone Shaft Mining
35:31 Conscription
34:40 Elite Huskarl
36:39 Two-Man Saw
36:30 Crop Rotation
38:18 Hand Cart
38:17 Perfusion
37:44 Elite Skirmisher
42:46 Chemistry
43:56 Blast Furnace
43:12 Chain Mail Armor
43:12 Leather Archer Armor
42:53 Bodkin Arrow
53:26 Bracer
richi_maron_90
11:29 Feudal Age
16:24 Castle Age
16:43 Loom
24:14 Fortified Wall
29:37 Imperial Age
32:28 Wheelbarrow
32:24 Conscription
35:42 Chemistry
36:28 Double-Bit Axe
39:06 Cavalier
39:48 Husbandry
39:59 Bloodlines
40:50 Bow Saw
41:09 Light Cavalry
43:05 Farimba
44:49 Hand Cart
44:31 Pikeman
45:12 Squires
44:59 Arson
46:28 Horse Collar
46:54 Scale Mail Armor
47:00 Scale Barding Armor
47:06 Forging
46:46 Fletching
58:37 Heavy Plow
PapaHewy
10:21 Feudal Age
10:54 Horse Collar
11:02 Double-Bit Axe
18:15 Castle Age
17:33 Fletching
19:39 Crossbowman
20:18 Bodkin Arrow
20:45 Heavy Plow
20:58 Bow Saw
20:54 Squires
27:07 Thumb Ring
32:18 Ballistics
34:11 Fortified Wall
37:25 Imperial Age
36:26 Wheelbarrow
35:37 Loom
37:39 Gold Mining
37:40 Stone Mining
38:11 Arbalester
39:53 Chemistry
39:45 Bracer
43:07 Halberdier
45:05 Forging
44:56 Scale Mail Armor
44:57 Padded Archer Armor
48:49 Iron Casting
48:29 Chain Mail Armor
48:30 Leather Archer Armor
48:28 Murder Holes
53:25 Plate Mail Armor
53:56 Blast Furnace
53:26 Ring Archer Armor
52:50 Arson
Connection lost

Rejoining the realm…

Still unreachable

The connection could not be restored.

Session expired

The server has moved on; the page needs a fresh start.